Map: Inside and Out

Players

AdmrlAckbar

  • Race: Protoss Protoss
  • League: Diamond
  • Spawn Location: 1:00

DankCraft - Winner!

  • Race: Terran Terran
  • League: Diamond
  • Spawn Location: 7:00

VOD

Have the link to the VOD?

Description

Time

  • Played on: Dec. 9, 2022, 12:35 a.m.
  • Length: 17:13
Show
View Real Time Build Order
Export as new Build Order

AdmrlAckbar Protoss 

Build Orders: Cannon Rush 

Get SALT Encoding   

  12  0:01  Probe  
  13  0:13  Probe  
  14  0:17  Pylon  
  14  0:25  Probe  
  15  0:37  Probe (Chrono Boost)  
  15  0:41  Forge  
  16  0:49  Probe (Chrono Boost)  
  17  0:51  Pylon  
  17  0:55  Probe (Chrono Boost)  
  18  1:03  Probe  
  19  1:15  Probe  
  19  1:18  Photon Cannon  
  20  1:24  Photon Cannon  
  20  1:27  Probe  
  20  1:29  Pylon  
  21  1:56  Photon Cannon  
  21  1:57  Probe  
  21  1:58  Photon Cannon  
  21  2:01  Assimilator  
  22  2:03  Assimilator  
  21  2:09  Probe  
  22  2:26  Probe  
  23  2:35  Photon Cannon  
  23  2:39  Gateway  
  23  2:42  Pylon  
  23  2:46  Pylon  
  23  2:47  Probe  
  23  3:01  Probe  
  22  3:19  Photon Cannon  
  21  3:20  Probe (Chrono Boost)  
  20  3:30  Probe (Chrono Boost)  
  20  3:34  Photon Cannon  
  20  3:35  Probe (Chrono Boost)  
  20  3:46  Probe  
  19  3:58  Probe  
  19  4:10  Probe (Chrono Boost)  
  19  4:12  Cybernetics Core  
  20  4:22  Probe (Chrono Boost)  
  21  4:28  Probe (Chrono Boost)  
  21  4:43  Probe (Chrono Boost)  
  22  4:49  Stalker  
  24  4:55  Probe (Chrono Boost)  
  24  4:59  Stargate  
  25  5:01  Stargate  
  25  5:02  Probe (Chrono Boost)  
  25  5:04  Pylon  
  26  5:10  Probe  
  27  5:22  Probe  
  28  5:54  Probe  
  37  5:58  Void Ray (Chrono Boost)  
  37  5:59  Void Ray (Chrono Boost)  
  37  6:06  Probe  
  37  6:07  Nexus  
  37  6:09  Pylon  
  38  6:18  Probe, Pylon  
  39  6:30  Probe  
  40  6:35  Photon Cannon  
  40  6:36  Shield Battery  
  40  6:43  Probe  
  40  6:45  Photon Cannon  
  41  6:50  Shield Battery  
  41  6:52  Pylon  
  41  6:54  Shield Battery  
  41  6:55  Photon Cannon  
  41  7:06  Probe  
  42  7:18  Probe  
  43  7:26  Probe  
  44  7:30  Probe  
  45  7:38  Probe  
  45  7:42  Probe  
  51  7:54  Fleet Beacon  
  51  7:55  Void Ray x2  
  51  7:56  Pylon  
  51  8:01  Assimilator  
  51  8:03  Assimilator  
  51  8:08  Probe x2  
  53  8:18  Protoss Air Weapons Level 1 (Chrono Boost)  
  53  8:27  Robotics Facility  
  53  8:38  Protoss Shields Level 1 (Chrono Boost)  
  61  8:43  Void Ray  
  61  8:44  Void Ray  
  61  9:20  Nexus  
  61  9:26  Flux Vanes  
  61  9:30  Carrier (Chrono Boost)  
  60  9:35  Carrier (Chrono Boost)  
  72  9:43  Observer  
  73  9:52  Pylon  
  73  9:55  Pylon  
  73  10:07  Shield Battery  
  73  10:10  Pylon  
  81  10:30  Tempest x2 (Chrono Boost)  
  81  10:38  Observer  
  82  10:56  Nexus  
  82  10:58  Pylon  
  82  11:01  Protoss Air Weapons Level 2 (Chrono Boost)  
  82  11:19  Shield Battery  
  82  11:22  Photon Cannon, Pylon  
  82  11:25  Photon Cannon  
  82  11:26  Photon Cannon  
  82  11:27  Photon Cannon  
  65  12:02  Tempest x2 (Chrono Boost)  
  65  12:07  Photon Cannon  
  75  12:21  Pylon, Shield Battery  
  75  12:23  Shield Battery  
  75  12:24  Probe x3  
  78  12:42  Carrier x2 (Chrono Boost)  
  90  12:51  Probe (Chrono Boost)  
  93  12:55  Probe x2 (Chrono Boost)  
  93  13:01  Probe (Chrono Boost)  
  93  13:02  Assimilator  
  93  13:05  Probe x2 (Chrono Boost)  
  96  13:06  Probe (Chrono Boost), Assimilator  
  96  13:07  Observer  
  98  13:15  Probe x2  
  98  13:17  Probe, Twilight Council  
  101  13:23  Stargate  
  101  13:25  Protoss Air Weapons Level 3 (Chrono Boost)  
  101  13:29  Probe  
  97  14:13  Pylon  
  97  14:14  Pylon  
  97  14:16  Pylon  
  97  14:17  Pylon  
  101  14:27  Void Ray x2  
  96  14:35  Immortal  
  100  14:44  Photon Cannon  
  100  14:46  Photon Cannon  
  100  14:48  Photon Cannon  
  100  14:50  Photon Cannon  
  100  14:53  Photon Cannon  
  100  14:54  Probe x3  
  100  14:55  Shield Battery  
  100  14:57  Shield Battery  
  103  15:06  Probe  
  104  15:14  Immortal  
  96  15:51  Immortal (Chrono Boost)  
  101  16:06  Void Ray  
  101  16:07  Void Ray x2  
  73  16:23  Immortal  
Show
View Real Time Build Order
Export as new Build Order

DankCraft Terran - Winner!

Build Orders: Reaper Expand 

Get SALT Encoding   

  12  0:03  SCV  
  13  0:15  SCV  
  14  0:21  Supply Depot  
  14  0:27  SCV  
  15  0:41  Refinery  
  15  0:43  SCV  
  15  0:45  Barracks  
  16  0:55  SCV  
  17  1:03  Refinery  
  17  1:07  SCV  
  18  1:23  SCV  
  19  1:48  Reaper  
  20  2:11  Orbital Command  
  20  2:29  Command Center  
  20  2:35  Marine  
  21  2:43  Bunker  
  21  3:06  SCV  
  22  3:18  SCV  
  23  3:41  SCV  
  24  3:53  SCV  
  25  4:05  SCV  
  26  4:10  SCV  
  26  4:16  Supply Depot  
  27  4:17  Supply Depot, SCV  
  27  4:18  Factory  
  27  4:20  Factory  
  27  4:22  SCV  
  29  4:26  Marine  
  29  4:29  SCV  
  32  4:41  SCV  
  32  4:42  Orbital Command  
  32  4:44  Marine  
  32  4:45  Refinery  
  33  4:46  Refinery  
  33  4:49  Supply Depot  
  33  4:53  SCV  
  34  5:03  Factory Tech Lab  
  34  5:06  Factory Tech Lab, SCV  
  35  5:08  SCV  
  36  5:18  SCV  
  36  5:20  Supply Depot, SCV  
  38  5:30  SCV  
  38  5:32  SCV  
  40  5:42  SCV  
  41  5:44  SCV  
  42  5:54  SCV  
  42  5:56  SCV  
  44  6:04  Armory  
  44  6:05  Cyclone x2  
  44  6:06  Mag-Field Accelerator, SCV  
  44  6:08  SCV  
  52  6:11  Engineering Bay  
  52  6:18  Command Center, Supply Depot  
  52  6:21  Factory  
  52  6:24  SCV x2  
  52  6:25  Factory  
  54  6:36  SCV  
  55  6:41  Missile Turret  
  55  6:43  Missile Turret  
  55  6:45  Cyclone x2  
  61  6:50  SCV x2  
  63  7:06  Command Center  
  63  7:17  Factory Tech Lab  
  63  7:18  Factory Tech Lab  
  63  7:27  Ghost Academy  
  63  7:28  Supply Depot  
  63  7:30  Ghost Academy  
  63  7:45  Cyclone x4  
  75  8:03  Command Center  
  75  8:05  SCV x2  
  77  8:12  Supply Depot  
  77  8:13  Personal Cloaking  
  77  8:17  Nuke, SCV  
  78  8:27  Cyclone  
  78  8:28  Cyclone  
  84  8:40  Cyclone  
  87  8:43  Widow Mine  
  87  8:45  Orbital Command  
  89  8:50  Planetary Fortress  
  89  9:12  Cyclone x3  
  89  9:13  SCV x2  
  100  9:25  Widow Mine, SCV x2  
  104  9:31  SCV  
  104  9:37  SCV x2  
  107  9:39  Supply Depot  
  107  9:41  Supply Depot  
  107  9:43  SCV  
  107  9:44  Widow Mine, Supply Depot  
  107  9:45  Widow Mine x2  
  114  9:46  Widow Mine  
  114  9:49  Planetary Fortress, SCV x2  
  114  9:52  Missile Turret  
  118  9:55  SCV  
  119  10:01  SCV x2  
  119  10:06  Widow Mine x2  
  125  10:07  SCV  
  126  10:23  Widow Mine x2  
  126  10:27  Widow Mine  
  132  10:55  Nuke  
  132  10:57  Factory  
  132  10:58  Factory x2  
  132  10:59  Barracks Tech Lab  
  103  11:41  Factory Tech Lab x2  
  103  11:42  Factory Tech Lab, Thor  
  103  11:43  Thor x3  
  127  11:48  Terran Vehicle Weapons Level 1  
  127  11:50  Armory, Ghost  
  127  11:53  Refinery  
  127  11:54  Refinery  
  129  12:05  Command Center  
  125  12:18  Ghost  
  125  12:19  Thor  
  133  12:25  Thor x2  
  133  12:26  Refinery  
  145  12:34  Refinery  
  145  12:42  Thor  
  151  12:46  Refinery  
  151  12:47  Refinery  
  151  12:52  Thor  
  157  13:08  Thor, Terran Vehicle And Ship Armor Level 1  
  163  13:42  Thor x2  
  175  13:55  Thor  
  175  14:06  Nuke x2  
  175  14:22  Thor  
  175  14:23  Thor  
  175  14:25  Thor  
  175  14:26  Thor  
  176  14:34  Terran Vehicle Weapons Level 2  
  176  14:39  Ghost  
  178  14:52  Orbital Command  
  178  14:58  Supply Depot  
  178  15:01  Supply Depot  
  178  15:02  SCV x4  
  182  15:14  SCV  
  182  15:19  Thor  
  189  15:22  Thor  
  195  15:30  Thor  
  195  15:32  Thor  
  195  15:34  Thor  
  196  15:36  Thor  
  187  16:01  Nuke x2  
  187  16:02  Ghost  
  189  16:07  SCV  
  190  16:17  Widow Mine x3  
  190  16:18  Widow Mine x3  
  196  16:19  Widow Mine  
  198  16:30  Ghost  
Tags
 
Add a new tag
Caveats
  • Supply blocks, unpowered buildings, or Contaminate may cause inaccurate times.
  • Supply counts are checked every 10 seconds.